AoeStats
← Sara

Oasis

507313469Analyzed
3v3 RM · 14d ago on Sep 17, 2026· 68m 14s· 6 players
Game mode
Random Map
Map size
Normal (6 player)
Population
200
Speed
Normal
Resources
Standard
Victory
Conquest
Starting age
Dark Age
Ending age
Imperial Age
RankedLock teamsTeams togetherTeam positionsShared explorationLock speedFull tech treeHidden civsTurbo modeCheats
Victory
Defeat
🇪🇸 Jurchens · Spain
621
+12
🇺🇸 Chinese · United States
557
+14
🇺🇸 Persians · United States
552
+15
🇨🇱 Romans · Chile
562
-15
🇧🇷 Spanish · Brazil
524
-14
🇨🇴 Turks · Colombia
486
-12
Gpu2345
10:22 Feudal Age
18:05 Castle Age
17:40 Double-Bit Axe
20:07 Husbandry
22:32 Forging
30:32 Scale Mail Armor
34:32 Wheelbarrow
34:11 Bow Saw
33:44 Horse Collar
36:49 Bloodlines
40:40 Imperial Age
39:02 Heavy Plow
38:59 Gold Mining
41:36 Scale Barding Armor
43:58 Iron Casting
46:08 Elite War Elephant
49:17 Gold Shaft Mining
61:59 Blast Furnace
61:16 Chain Mail Armor
61:22 Chain Barding Armor
63:23 Spies/Treason
h4j ali
0:51 Loom
11:01 Feudal Age
12:18 Wheelbarrow
18:09 Double-Bit Axe
18:16 Gold Mining
20:55 Horse Collar
27:20 Castle Age
26:04 Stone Mining
28:29 Hand Cart
28:17 Heavy Plow
28:32 Bow Saw
29:53 Stone Shaft Mining
32:12 Gold Shaft Mining
36:53 Crossbowman
37:39 Thumb Ring
41:02 Imperial Age
40:24 Great Wall
40:28 Heated Shot
41:30 Arbalester
Sara
15:15 Feudal Age
16:33 Wheelbarrow
15:42 Horse Collar
17:15 Double-Bit Axe
17:56 Gold Mining
24:15 Bloodlines
24:07 Arson
26:58 Castle Age
25:56 Stone Mining
29:29 Gold Shaft Mining
29:13 Hand Cart
29:01 Heavy Plow
29:14 Bow Saw
29:40 Scale Barding Armor
29:36 Scale Mail Armor
29:37 Padded Archer Armor
29:27 Fletching
29:48 Forging
33:08 Stone Shaft Mining
33:02 Light Cavalry
33:42 Husbandry
34:02 Leather Archer Armor
35:49 Pikeman
36:29 Squires
36:15 Gambesons
36:31 Bodkin Arrow
36:57 Chain Barding Armor
41:11 Imperial Age
39:26 Crossbowman
39:27 Elite Skirmisher
40:29 Chain Mail Armor
40:49 Iron Casting
40:18 Fortified Bastions
43:09 Chemistry
41:50 Treadmill Crane
42:32 Ballistics
42:23 Fortified Wall
42:05 Guard Tower
42:01 Heavy Scorpion
42:04 Capped Ram
42:51 Caravan
43:44 Conscription
43:13 Elite Iron Pagoda
49:15 Thunderclap Bombs
50:16 Blast Furnace
49:52 Plate Barding Armor
49:47 Ring Archer Armor
49:18 Bracer
51:47 Keep
51:10 Murder Holes
51:20 Siege Engineers
51:26 Masonry
50:43 Elite Fire Lancer
50:44 Halberdier
52:36 Heavy Rocket Cart
52:40 Siege Ram
54:24 Architecture
53:42 Arrowslits
53:43 Man-at-Arms
54:58 Sappers
56:03 Hoardings
56:49 Hussar
62:48 Elite Steppe Lancer
62:59 Heavy Cavalry Archer
63:42 Spies/Treason
64:36 Clinker Construction
64:36 Careening
64:32 Siphons
64:24 Town Watch
64:24 Loom
65:13 Crop Rotation
65:46 Two-Man Saw
65:03 Guilds
65:26 Coinage
AngeloCDLM1946
0:58 Loom
12:40 Feudal Age
14:19 Town Watch
15:19 Wheelbarrow
15:55 Horse Collar
18:13 Double-Bit Axe
23:22 Castle Age
25:22 Husbandry
25:33 Bloodlines
26:16 Stone Mining
27:10 Hand Cart
34:36 Town Patrol
38:37 Murder Holes
39:25 Fortified Wall
51:25 Caravan
51:56 Coinage
51:35 Gold Mining
52:48 Sipahi
52:51 Bow Saw
56:51 Imperial Age
57:19 Treadmill Crane
58:00 Heavy Plow
60:10 Hoardings
janozero
12:15 Feudal Age
11:04 Loom
11:13 Loom
13:48 Double-Bit Axe
14:50 Man-at-Arms
19:18 Wheelbarrow
18:41 Gold Mining
18:42 Stone Mining
18:58 Horse Collar
24:02 Castle Age
23:29 Fletching
24:46 Heavy Plow
25:01 Bow Saw
26:03 Long Swordsman
26:03 Pikeman
27:56 Squires
30:19 Caravan
30:50 Coinage
31:18 Hand Cart
34:22 Ballistics
33:30 Crossbowman
38:54 Elite Skirmisher
42:18 Ballistas
45:37 Imperial Age
43:47 Forging
46:16 Bloodlines
46:06 Husbandry
45:27 Light Cavalry
48:43 Heavy Scorpion
51:13 Gold Shaft Mining
50:31 Town Watch
53:44 Chemistry
53:59 Crop Rotation
55:23 Legionary
55:23 Halberdier
57:24 Cavalier
Wendell, O Malakoi
0:40 Loom
13:45 Feudal Age
14:10 Horse Collar
14:20 Double-Bit Axe
14:29 Gold Mining
14:29 Town Watch
16:55 Wheelbarrow
18:04 Stone Mining
18:20 Scale Mail Armor
18:25 Scale Barding Armor
18:31 Forging
24:21 Man-at-Arms
36:14 Castle Age
41:53 Bow Saw
44:37 Stone Shaft Mining
58:21 Imperial Age
57:24 Masonry
58:20 Squires
Connection lost

Rejoining the realm…

Still unreachable

The connection could not be restored.

Session expired

The server has moved on; the page needs a fresh start.